 Dungeon Crawl Stone Soup version 0.30-a0-845-g7c6808c8ce (webtiles) character file.

Game seed: 18792824541312950

3278 112233 the Destroyer (level 10, -19/56 HPs)
             Began as a Kobold Conjurer on Mar 2, 2023.
             Was a Follower of Vehumet.
             Demolished by a white ugly thing (35 damage)
             ... on level 6 of the Dungeon.
             The game lasted 00:08:43 (10232 turns).

112233 the Destroyer (Kobold Conjurer)             Turns: 10232, Time: 00:08:44

Health: -19/56     AC:  3    Str:  5    XL:     10   Next: 20%
Magic:  1/23       EV: 21    Int: 23    God:    Vehumet [*.....]
Gold:   280        SH:  0    Dex: 14    Spells: 14/28 levels left

rFire   . . .      SeeInvis .    x - +3 dagger (venom)
rCold   . . .      Faith    .    (no shield)
rNeg    . . .      Spirit   .    a - +0 robe
rPois   .          Reflect  .    (no helmet)
rElec   .          Rampage  .    t - +0 cloak
rCorr   .                        (no gloves)
Will    .....                    (no boots)
Stlth   ++++                     (no amulet)
HPRegen 0.29/turn                d - ring of wizardry
MPRegen 0.18/turn                m - ring of Buari {EV+5 Stlth+}

@: no status effects
A: small, no large weapons, nightstalker 3
a: Renounce Religion


You were on level 6 of the Dungeon.
You worshipped Vehumet.
Vehumet was aware of your devotion.
You visited 2 branches of the dungeon, and saw 8 of its levels.

You collected 280 gold pieces.

Inventory:

Hand Weapons
 j - a +0 short sword of speed
 x - a +3 dagger of venom (weapon)
Missiles
 w - 3 throwing nets
 y - a curare-tipped dart
Armour
 a - a +0 robe (worn)
 t - a +0 cloak (worn)
Jewellery
 d - a ring of wizardry (left hand)
 f - a ring of willpower
 m - the ring of Buari (right hand) {EV+5 Stlth+}
   (You took it off a hobgoblin on level 2 of the Dungeon)

   [ring of evasion]

   EV:        It affects your evasion (+5).
   Stlth:     It makes you more stealthy.
Wands
 B - a wand of mindburst (16)
Scrolls
 c - 2 scrolls of identify {unknown}
 h - a scroll of blinking {unknown}
 i - a scroll of immolation
 k - 3 scrolls of noise {unknown}
 p - 4 scrolls of teleportation {unknown}
 q - 2 scrolls of acquirement {unknown}
 r - a scroll of amnesia {unknown}
 v - a scroll of fear {unknown}
 A - a scroll of poison {unknown}
 D - a scroll of vulnerability {unknown}
Potions
 b - 2 potions of magic
 e - 8 potions of curing {unknown}
 g - 2 potions of invisibility {unknown}
 l - a potion of heal wounds
 n - 5 potions of flight {unknown}
 o - 2 potions of degeneration {unknown}
 s - a potion of ambrosia {unknown}
 u - a potion of mutation {unknown}
 z - 2 potions of might {unknown}
 C - 2 potions of attraction {unknown}


   Skills:
 + Level 3.1 Fighting
 + Level 4.5 Dodging
 - Level 2.8 Stealth
 + Level 9.6 Spellcasting
 + Level 9.9 Conjurations


You had 14 spell levels left.
You knew the following spells:

 Your Spells              Type           Power      Damage    Failure   Level
a - Magic Dart            Conj           100%       1d8       1%          1
b - Searing Ray           Conj           100%       2d8       1%          2
c - Stone Arrow           Conj/Erth      68%        3d11      1%          3
d - Fulminant Prism       Conj/Hex       17%        3d11      3%          4
e - Iskenderun's Mystic   Conj/Tloc      34%        2d8       3%          4

Your spell library contained the following spells:

 Spells                   Type           Power      Damage    Failure   Level
 Shock                    Conj/Air       100%       1d9       1%          1
 Dazzling Flash           Conj/Hex       68%        N/A       1%          3
 Beastly Appendage        Tmut           22%        N/A       2%          1
 Sandblast                Erth           22%        2d7       2%          1
 Passwall                 Tmut/Erth      9%         N/A       3%          2
 Sublimation of Blood     Necr           11%        N/A       3%          2
 Wereblood                Tmut           11%        N/A       3%          2
 Kindle Blastsparks       Fire/Tloc/Air  22%        2d11      8%          3
 Spider Form              Tmut/Pois      11%        N/A       8%          3
 Lee's Rapid Deconstruct  Erth           5%         3d6*      52%         5
 Summon Hydra             Summ           5%         N/A       100%        7


Dungeon Overview and Level Annotations

Branches:
Dungeon (7/15)             Temple (1/1) D:5

Altars:
Ashenzari
Cheibriados
Dithmenos
Elyvilon
Fedhas
Hepliaklqana
Kikubaaqudgha
Nemelex Xobeh
Qazlal
Ru
Sif Muna
Trog
Vehumet
Wu Jian
Xom
Yredelemnul
Zin

Annotations:
D:5 Dowan
D:6 2 runed translucent doors
D:7 2 transporters


Innate Abilities, Weirdness & Mutations

You are small and have problems with some larger weapons.
You are completely attuned to the shadows.


Message History

The cyan ugly thing is knocked back by the mystic blast.
The mystic blast hits the white ugly thing!
The white ugly thing is heavily wounded.
The white ugly thing gores you! The white ugly thing freezes you!!
Ouch! That really hurt!
* * * LOW HITPOINT WARNING * * *
Unknown command.
Casting: Iskenderun's Mystic Blast (dangerous; 3% risk of failure)
Confirm with . or Enter, or press ? or * to list all spells.
You erupt in a blast of force!
The mystic blast hits the ogre.
The ogre is lightly wounded.
The mystic blast hits the wraith!
The wraith is heavily damaged.
The mystic blast hits the cyan ugly thing.
The cyan ugly thing is severely wounded.
The mystic blast hits the white ugly thing!
The white ugly thing is severely wounded.
The cyan ugly thing basks in the mutagenic energy from its kin and changes!
The white ugly thing completely misses you.
Unknown command.
Casting: Iskenderun's Mystic Blast (dangerous; 3% risk of failure)
Confirm with . or Enter, or press ? or * to list all spells.
Okay, then.
Okay, then.
You feel much better. The white ugly thing gores you!
The white ugly thing freezes you!!
* * * LOW HITPOINT WARNING * * *
Unknown command.
The white ugly thing punches you but does no damage.
There is an open door here.
Okay, then.
You feel much better.
Unknown command.
As you read the scroll labelled JYQOEFARUSCH, it crumbles to dust.
The creatures around you are filled with an inner flame!
It was a scroll of immolation.
The white ugly thing gores you!
* * * LOW HITPOINT WARNING * * *
The white ugly thing freezes you!!
Ouch! That really hurt!
You die...

........)........))..............
.########.............###########
.# #........####.# # .#
#........# #.# ####### .#
########## #.# #...... .# #.#
##.##### ## ################.#
#....... +.....)...uu...#.#
#....... #.....)...#@..P#.#
#.......
#...)....W#P...#.####.......
#.....O...#...P#.......#####
#.....(...#P...######..#####
#O........#...P#....#.......
......#P...#..#.#.####..
u.u...#...P#....#.#.....
#P...#......#..###
####'#..#.#.......


You could see 2 ugly things.

Vanquished Creatures
  Pikel (D:5)
  A wraith (D:6)
  A steam dragon (D:6)
  Edmund (D:5)
  Menkaure (D:5)
  A water moccasin (D:6)
  2 ice beasts
  2 orc warriors
  A sky beast (D:6)
  A black bear (D:6)
  An ogre (D:6)
  2 centaurs
  A phantom (D:5)
  A kobold brigand (D:6)
  A bullfrog (D:6)
  A gnoll sergeant (D:6)
  4 wights (D:7)
  3 killer bees (D:7)
  3 jellies
  3 orc priests
  2 hounds (D:4)
  A gnoll bouda (D:6)
  A sleepcap (D:5)
  2 iguanas
  7 orc wizards
  7 adders
  8 gnolls
  2 shadow imps
  A white imp (D:5)
  An ufetubus (D:6)
  3 worms
  2 dart slugs
  19 orcs
  9 bats
  7 endoplasms
  3 giant cockroaches
  10 hobgoblins
  13 jackals
  9 kobolds
  5 quokkas
  4 ball pythons
  A frilled lizard (D:1)
  6 goblins
  5 rats
160 creatures vanquished.

Vanquished Creatures (others)
  55 plants (D:4)
55 creatures vanquished.

Grand Total: 215 creatures vanquished

Notes
Turn   | Place    | Note
-------+----------+-------------------------------------------
     0 | D:1      | 112233 the Kobold Conjurer began the quest for the Orb.
     0 | D:1      | Reached XP level 1. HP: 10/10 MP: 3/3
   374 | D:1      | Reached XP level 2. HP: 15/15 MP: 1/5
   543 | D:1      | Learned a level 2 spell: Searing Ray
  1185 | D:1      | Reached XP level 3. HP: 19/19 MP: 5/7
  2151 | D:2      | Reached XP level 4. HP: 24/24 MP: 5/9
  2332 | D:2      | Identified the ring of Buari {EV+5 Stlth+}
  3486 | D:3      | Reached XP level 5. HP: 28/28 MP: 1/11
  4296 | D:4      | Reached skill level 5 in Conjurations
  4441 | D:4      | Reached XP level 6. HP: 32/32 MP: 0/12
  4652 | D:4      | Reached skill level 5 in Spellcasting
  5106 | D:4      | Reached XP level 7. HP: 36/36 MP: 4/15
  5634 | D:5      | Entered Level 5 of the Dungeon
  5765 | D:5      | Found a staircase to the Ecumenical Temple.
  5915 | Temple   | Entered the Ecumenical Temple
  6017 | Temple   | Became a worshipper of Vehumet
  6116 | D:5      | Noticed Dowan
  6157 | D:6      | Noticed a water moccasin
  6162 | D:6      | Killed a water moccasin
  6163 | D:6      | Reached XP level 8. HP: 24/41 MP: 9/17
  6735 | D:6      | Found a large runed translucent door.
  6735 | D:6      | Found a large runed translucent door.
  7408 | D:6      | Reached XP level 9. HP: 27/45 MP: 10/20
  7692 | D:5      | Noticed Menkaure
  7698 | D:5      | Killed Menkaure
  7777 | D:5      | Noticed Pikel
  7795 | D:5      | Killed Pikel
  7850 | D:5      | Found a basalt altar of Yredelemnul.
  7852 | D:5      | Found a sacrificial altar of Ru.
  8099 | D:5      | Noticed Edmund
  8110 | D:5      | Killed Edmund
  8280 | D:5      | Found a sparkling altar of Nemelex Xobeh.
  8283 | D:5      | Found a bloodstained altar of Trog.
  8284 | D:5      | Found a shadowy altar of Dithmenos.
  8285 | D:5      | Found a glowing silver altar of Zin.
  8505 | D:5      | Found a shimmering blue altar of Sif Muna.
  8866 | D:7      | Found a shimmering altar of Xom.
  8875 | D:7      | Found a shimmering altar of Xom.
  8875 | D:7      | Found a shimmering altar of Xom.
  8875 | D:7      | Found a shimmering altar of Xom.
  8878 | D:7      | Found a shimmering altar of Xom.
  8918 | D:7      | Learned a level 4 spell: Iskenderun's Mystic Blast
  8923 | D:7      | Learned a level 4 spell: Fulminant Prism
  8927 | D:7      | Learned a level 3 spell: Stone Arrow
  8943 | D:7      | Reached skill level 1 in Fighting
  9158 | D:7      | Reached XP level 10. HP: 49/53 MP: 16/23
  9207 | D:7      | Found a shimmering altar of Xom.
  9352 | D:7      | Found a transporter.
  9354 | D:7      | Noticed a brown ugly thing
  9390 | D:7      | Found a transporter.
 10030 | D:6      | Reached * piety under Vehumet
 10030 | D:6      | Offered knowledge of Shock by Vehumet.
 10210 | D:6      | Noticed a cyan ugly thing
 10210 | D:6      | Noticed a white ugly thing
 10232 | D:6      | Demolished by a white ugly thing

Illustrated notes

Levels and vault maps discovered:
D:1:      dpeg_arrival_simpleton_b, layout_basic, roderic_lattice_a
D:2:      layout_loops_ring
D:3:      layout_basic, grunt_decor_junction
D:4:      layout_basic, serial_bayou, serial_bayou_pond_c, serial_bayou_pond_c,
          serial_bayou_lagoon_a, serial_bayou_pond_c, hangedman_decor_push,
          kennysheep_flooded_box, minmay_a_box_with_orc_wizards_in_it
D:5:      layout_loops_ring, lemuel_coloured_pillars_altar,
          grunt_temple_overflow_open, minmay_temple_entry_overgrown, uniq_pikel,
          uniq_duvessa, uniq_edmund, uniq_menkaure
D:6:      minmay_klotski, layout_basic, jmf_multi_god_temple2,
          hangedman_minor_gate_pass
D:7:      gammafunk_corrupted_shrine, layout_layer_cave, xom_shifter_show,
          wad_floor_pattern_2, minmay_door_square
Temple:   nicolae_temple_bog_church

Skill      XL: |  1  2  3  4  5  6  7  8  9 10 |
---------------+-------------------------------+-----
Spellcasting   | 3 4 5 6 7 9 |  9.6
Conjurations   | 5 6 8 9 |  9.9
Fighting       | 1 3 |  3.1
Dodging        | 3 4 |  4.5
Stealth        | |  2.8

Action                     |  1- 3 |  4- 6 |  7- 9 | 10-12 || total
---------------------------+-------+-------+-------+-------++-------
  Melee: Short sword       |     5 |    11 |     5 |       ||    21
         Dagger            |       |       |     6 |       ||     6
   Cast: Magic Dart        |    56 |    84 |    15 |     8 ||   163
         Searing Ray       |     2 |    15 |    57 |    10 ||    84
         Iskenderun's Myst |       |       |     3 |     6 ||     9
         Stone Arrow       |       |       |     1 |     8 ||     9
  Evoke: Wand              |       |       |       |     1 ||     1
    Use: Potion            |       |       |       |     2 ||     2
         Scroll            |       |       |       |     1 ||     1
   Stab: Sleeping          |       |       |     4 |       ||     4
 Armour: Robe              |     5 |     1 |     2 |     2 ||    10
  Dodge: Dodged            |    12 |    29 |    65 |    10 ||   116

Table legend: (Time is in decaauts)
 A = Elapsed time spent in this place.
 B = Non-inter-level travel time spent in this place.
 C = Inter-level travel time spent in this place.
 D = Time resting spent in this place.
 E = Time spent auto-exploring this place.
 F = Levels seen in this place.
 G = Mean time per level.
                   A        B        C        D        E       F      G
               +--------+--------+--------+--------+--------+-----+--------+
         Total |  10259 |   9688 |    571 |    669 |   8251 |   8 | 1282.4 |
       Dungeon |  10135 |   9591 |    544 |    669 |   8161 |   7 | 1447.9 |
        Temple |    124 |     98 |     26 |      0 |     90 |   1 |  124.0 |
               +--------+--------+--------+--------+--------+-----+--------+

Top non-repeatable levels by time:
     D:1: 1998 daAuts
     D:6: 1791 daAuts
     D:4: 1741 daAuts
     D:7: 1301 daAuts
     D:5: 1258 daAuts
     D:2: 1168 daAuts
     D:3: 875 daAuts
  Temple: 124 daAuts
